 Dungeon Crawl Stone Soup version 0.30-a0-385-gfebfb9b408 (webtiles) character file.

Game seed: 5395371224530205741

704 Lobster4 the Magician (level 7, -3/39 HPs)
             Began as a Deep Elf Hedge Wizard on Dec 2, 2022.
             Slain by a sky beast (6 damage)
             ... on level 6 of the Dungeon.
             The game lasted 00:18:44 (6694 turns).

Lobster4 the Magician (Deep Elf Hedge Wizard)       Turns: 6694, Time: 00:18:45

Health: -3/39      AC:  3    Str:  7    XL:     7   Next: 39%
Magic:  5/17       EV: 13    Int: 21    God:
Gold:   238        SH:  0    Dex: 20    Spells: 6/17 levels left

rFire   . . .      SeeInvis .    a - +2 dagger (venom)
rCold   . . .      Faith    .    (no shield)
rNeg    + . .      Spirit   .    r - +0 robe
rPois   .          Reflect  .    c - +1 hat
rElec   .          Harm     .    (no cloak)
rCorr   .          Rampage  .    (no gloves)
Will    .....                    (no boots)
Stlth   +++.......               (no amulet)
HPRegen 0.26/turn                f - ring of positive energy
MPRegen 0.15/turn                o - +6 ring of dexterity

@: no status effects
A: no striking features
a: no special abilities


You were on level 6 of the Dungeon.
You visited 2 branches of the dungeon, and saw 7 of its levels.

You collected 238 gold pieces.

Inventory:

Hand Weapons
 a - a +2 dagger of venom (weapon)
 b - a +0 sling
 k - a +0 short sword
 n - a +0 dagger
 E - a +2 hand axe of flaming
Missiles
 h - 7 poisoned darts
 w - a boomerang
 D - 5 javelins
Armour
 c - a +1 hat (worn)
 r - a +0 robe (worn)
Jewellery
 f - a ring of positive energy (left hand)
 o - a +6 ring of dexterity (right hand)
 C - a ring of ice
Wands
 x - a wand of flame (17)
Scrolls
 e - 3 scrolls of enchant armour
 g - a scroll of magic mapping
 m - 2 scrolls of identify
 p - a scroll of silence {unknown}
 q - a scroll of fear
 y - a scroll of acquirement {unknown}
 z - a scroll of poison
 A - a scroll of amnesia {unknown}
 B - a scroll of torment {unknown}
Potions
 d - a potion of magic
 i - a potion of resistance
 j - 3 potions of lignification
 l - 2 potions of flight
 s - 5 potions of curing
 t - a potion of might
 u - a potion of ambrosia
 v - a potion of brilliance


   Skills:
 + Level 1.9 Fighting
 - Level 1.0 Short Blades
 - Level 1.0 Throwing
 + Level 2.0 Armour
 - Level 3.0 Dodging
 - Level 4.0 Stealth
 + Level 5.7 Spellcasting
 + Level 3.0 Conjurations
 + Level 2.6 Hexes
 + Level 2.7 Summonings
 - Level 2.0 Translocations
 - Level 1.0 Transmutations
 + Level 1.5 Ice Magic
 + Level 2.2 Earth Magic


You had 6 spell levels left.
You knew the following spells:

 Your Spells              Type           Power      Damage    Failure   Level
a - Magic Dart            Conj           72%        1d6       3%          1
b - Call Imp              Summ           17%        N/A       4%          2
c - Blink                 Tloc           28%        N/A       7%          2
d - Slow                  Hex            68%        N/A       3%          1
e - Passwall              Tmut/Erth      10%        N/A       8%          2
f - Ozocubu's Armour      Ice            12%        N/A       16%         3

Your spell library contained the following spells:

 Spells                   Type           Power      Damage    Failure   Level
 Sandblast                Erth           30%        2d9       4%          1
 Summon Guardian Golem    Hex/Summ       17%        N/A       10%         3
 Stone Arrow              Conj/Erth      34%        3d9       11%         3
 Cigotuvi's Dreadful Rot  Necr/Pois/Air  12%        N/A       16%         2
 Mephitic Cloud           Conj/Pois/Air  10%        N/A       21%         3
 Flame Wave               Conj/Fire      12%        2d6       47%         4
 Sticky Flame             Conj/Fire      12%        2d4       47%         4
 Orb of Destruction       Conj           9%         9d6       100%        7
 Ozocubu's Refrigeration  Ice            6%         4d8       100%        7
 Spellforged Servitor     Conj/Summ      9%         N/A       100%        7


Dungeon Overview and Level Annotations

Branches:
Dungeon (6/15)             Temple (1/1) D:4

Altars:
Ashenzari
Cheibriados
Elyvilon
Fedhas
Gozag
Hepliaklqana
Kikubaaqudgha
Makhleb
Nemelex Xobeh
Okawaru
Qazlal
Ru
Sif Muna
Uskayaw
Wu Jian
Xom
Zin

Shops:
D:6 (

Annotations:
D:4 Dowan, Duvessa, Grinder
D:6 Menkaure


Message History

A beastly little devil appears in a puff of frigid air.
The orc throws a boomerang.
The boomerang hits you.
Unknown command.
The sky beast flickers out of sight!
Deactivating autopickup; reactivate with Ctrl-A.
You closely miss the orc.
The orc is heavily wounded.
The orc misses you.
You hit the orc.
You kill the orc!
Things that are here:
a +0 dagger; 4 boomerangs; a ring of protection from cold You barely miss something.
Something hits you. Something shocks you.
* * * LOW HITPOINT WARNING * * *
You completely miss something.
A sky beast appears from thin air!
Reactivating autopickup.
The sky beast hits you but does no damage.
You barely miss the sky beast.
Your white imp gestures at the sky beast.
The puff of frost misses the sky beast.
The sky beast hits you but does no damage.
You hit the sky beast.
The sky beast is poisoned.
The sky beast is lightly wounded.
Your white imp hits the sky beast but does no damage.
The sky beast misses you.
You hit the sky beast.
The sky beast looks as sick as possible!
The sky beast is lightly wounded.
Your white imp hits the sky beast.
Your white imp freezes the sky beast.
The sky beast flickers out of sight!
Deactivating autopickup; reactivate with Ctrl-A.
Something barely misses you.
You hit something. Something hits you.
* * * LOW HITPOINT WARNING * * *
Something shocks you.
* * * LOW HITPOINT WARNING * * *
Something hits you.
* * * LOW HITPOINT WARNING * * *
Something shocks you.
You die...

###...# #.....##.......)
..#...#.#####.....##......†.
...................#########<
...................# ##
....................####
....................#
........)...........#
................5...#
.........[.....{@...#
....................#
....................#
......<.............#
....................#
.......$............#
..........=.........#
$...................#
.....................#


You could see a friendly white imp (summoned).

Vanquished Creatures
  A black bear (D:6)
  Blork the orc (D:6)
  A jelly (D:5)
  A gnoll bouda (D:5)
  2 orc priests (D:4)
  A hound (D:5)
  3 iguanas
  3 gnolls (D:5)
  4 adders
  An ufetubus (D:5)
  A worm (D:2)
  8 dart slugs
  9 orcs
  3 bats
  6 endoplasms
  A giant cockroach (D:2)
  6 goblins
  8 hobgoblins
  A jackal (D:1)
  2 quokkas
  4 frilled lizards
  2 kobolds
  6 rats
75 creatures vanquished.

Vanquished Creatures (collateral kills)
  A necrophage (D:5)
  A jelly (D:4)
  An iguana (D:4)
  3 adders
  A worm (D:3)
  5 orcs
  2 endoplasms (D:1)
  A giant cockroach (D:3)
  A goblin (D:3)
  A hobgoblin (D:1)
  A jackal (D:1)
  A bat (D:1)
  2 kobolds
21 creatures vanquished.

Grand Total: 96 creatures vanquished

Notes
Turn   | Place    | Note
-------+----------+-------------------------------------------
     0 | D:1      | Lobster4 the Deep Elf Hedge Wizard began the quest for the
                  | Orb.
     0 | D:1      | Reached XP level 1. HP: 10/10 MP: 7/7
    39 | D:1      | Found a faded altar of an unknown god.
   325 | D:1      | Reached XP level 2. HP: 15/15 MP: 6/9
   328 | D:1      | Learned a level 2 spell: Call Imp
  1056 | D:2      | Reached XP level 3. HP: 20/20 MP: 2/11
  2195 | D:3      | Reached XP level 4. HP: 24/24 MP: 7/12
  2856 | D:3      | Got the Treatise on Variation and the Volcanoes
  2949 | D:3      | Reached skill level 1 in Armour
  3196 | D:3      | Reached skill level 5 in Spellcasting
  3232 | D:3      | Reached skill level 1 in Short Blades
  3330 | D:3      | Learned a level 2 spell: Blink
  3332 | D:3      | Learned a level 1 spell: Slow
  3335 | D:3      | Learned a level 2 spell: Passwall
  3336 | D:4      | Noticed Duvessa
  3336 | D:4      | Noticed Dowan
  3388 | D:4      | Reached XP level 5. HP: 28/28 MP: 6/14
  3617 | D:4      | Reached skill level 1 in Fighting
  3677 | D:4      | Reached skill level 1 in Hexes
  3677 | D:4      | Reached skill level 1 in Transmutations
  3768 | D:4      | Found a staircase to the Ecumenical Temple.
  3779 | Temple   | Entered the Ecumenical Temple
  4067 | D:4      | Reached skill level 1 in Earth Magic
  4242 | D:4      | Noticed Grinder
  4359 | D:5      | Entered Level 5 of the Dungeon
  4363 | D:5      | Reached XP level 6. HP: 34/34 MP: 12/15
  4367 | D:5      | Learned a level 3 spell: Ozocubu's Armour
  5776 | D:5      | Found a sparkling altar of Nemelex Xobeh.
  5893 | D:5      | Reached skill level 1 in Ice Magic
  6213 | D:6      | Noticed Menkaure
  6271 | D:6      | Noticed a sky beast
  6400 | D:6      | Reached skill level 1 in Throwing
  6400 | D:6      | Reached XP level 7. HP: 29/39 MP: 14/17
  6446 | D:6      | Found Wiuqesm's Antique Weapon Emporium.
  6446 | D:6      | Noticed Blork the orc
  6465 | D:6      | Killed Blork the orc
  6694 | D:6      | Slain by a sky beast

Illustrated notes

Levels and vault maps discovered:
D:1:      ncdulo_wetmaze, layout_rooms, shapermc_ecumenical_altar_starsandcircs,
          hangedman_decor_points, minmay_fountain_box, st_stairs_6,
          grunt_decor_arrowhead
D:2:      layout_basic
D:3:      layout_basic
D:4:      layout_cave_pools, minmay_temple_entry_grid,
          chequers_serial_rivers_small_3, uniq_grinder, uniq_duvessa
D:5:      layout_basic, nemelex_xobeh_ov_fountains_minmay, minivault_5
D:6:      layout_basic, serial_shops, shop, uniq_menkaure, uniq_blork_the_orc
Temple:   kb_temple_of_zot

Skill      XL: |  1  2  3  4  5  6  7 |
---------------+----------------------+-----
Stealth        | 3 4 |  4.0
Dodging        | 3 |  3.0
Armour         | 1 2 |  2.0
Spellcasting   | 5 |  5.7
Short Blades   | 1 |  1.0
Conjurations   | 2 3 |  3.0
Summonings     | 2 |  2.7
Translocations | 2 |  2.0
Fighting       | 1 |  1.9
Hexes          | 1 2 |  2.6
Transmutations | 1 |  1.0
Earth Magic    | 1 2 |  2.2
Ice Magic      | 1 |  1.5
Throwing       | 1 |  1.0

Action                   |  1- 3 |  4- 6 |  7- 9 || total
-------------------------+-------+-------+-------++-------
Melee: Dagger            |     7 |    45 |    11 ||    63
       Short sword       |     8 |       |       ||     8
       Punch             |     1 |       |       ||     1
Throw: Dart              |       |     2 |     4 ||     6
 Cast: Magic Dart        |    95 |   158 |    11 ||   264
       Call Imp          |     7 |    33 |     8 ||    48
       Slow              |       |     5 |       ||     5
       Blink             |       |     1 |       ||     1
  Use: Scroll            |       |    13 |       ||    13
Armor: Robe              |     3 |    18 |     2 ||    23
Dodge: Dodged            |    28 |    74 |     9 ||   111

Table legend: (Time is in decaauts)
 A = Elapsed time spent in this place.
 B = Non-inter-level travel time spent in this place.
 C = Inter-level travel time spent in this place.
 D = Time resting spent in this place.
 E = Time spent auto-exploring this place.
 F = Levels seen in this place.
 G = Mean time per level.
                   A        B        C        D        E       F      G
               +--------+--------+--------+--------+--------+-----+--------+
         Total |   6705 |   6260 |    445 |   1278 |   3962 |   7 |  957.9 |
       Dungeon |   6437 |   6007 |    430 |   1163 |   3870 |   6 | 1072.8 |
        Temple |    267 |    252 |     15 |    115 |     92 |   1 |  267.0 |
               +--------+--------+--------+--------+--------+-----+--------+

Top non-repeatable levels by time:
     D:5: 1814 daAuts
     D:3: 1350 daAuts
     D:2: 1121 daAuts
     D:1: 1040 daAuts
     D:4: 779 daAuts
     D:6: 331 daAuts
  Temple: 267 daAuts
